 Dungeon Crawl Stone Soup version 0.29-a0-356-g7bc237e783 (webtiles) character file.

Game seed: 8767778742095553054

1275 YayAnonymity the Sneak (level 8, 0/41 HPs)
             Began as a Kobold Enchanter on Apr 27, 2022.
             Was a Follower of Dithmenos.
             Slain by a gnoll
             ... wielding a +0 halberd
              (5 damage)
             ... on level 6 of the Dungeon.
             The game lasted 00:12:32 (6620 turns).

YayAnonymity the Sneak (Kobold Enchanter)           Turns: 6620, Time: 00:12:32

Health: 0/41       AC:  8    Str:  6    XL:     8   Next: 83%
Magic:  13/14      EV: 16    Int: 22    God:    Dithmenos [*.....]
Gold:   172        SH:  0    Dex: 17    Spells: 7/15 levels left

rFire   + . .      SeeInvis .   y - +9 dagger "Qieniez" {venom, rElec rF+ rC+ Stlth+}
rCold   + . .      Faith    .   (no shield)
rNeg    . . .      Spirit   .   b - +0 robe
rPois   .          Reflect  .   (no helmet)
rElec   +          Harm     .   (no cloak)
rCorr   .          Rampage  .   (no gloves)
Will    .....                   p - +1 pair of boots
Stlth   +++++++...              a - amulet of magic regeneration
HPRegen 0.13/turn               n - +4 ring of protection
MPRegen 0.54/turn               r - +6 ring of intelligence

@: wreathed by umbra
A: small, no large weapons, nightstalker 3
a: Renounce Religion


You were on level 6 of the Dungeon.
You worshipped Dithmenos.
Dithmenos was aware of your devotion.
You visited 2 branches of the dungeon, and saw 7 of its levels.

You collected 340 gold pieces.
You spent 168 gold pieces at shops.

Inventory:

Hand Weapons
 u - a +1 dagger of holy wrath
 y - the +9 dagger "Qieniez" (weapon) {venom, rElec rF+ rC+ Stlth+}
   (You bought it in a shop on level 1 of the Dungeon)

   It poisons the flesh of those it strikes.
   rF:        It protects you from fire.
   rC:        It protects you from cold.
   rElec:     It insulates you from electricity.
   Stlth:     It makes you more stealthy.
Missiles
 e - 6 poisoned darts (quivered)
Armour
 b - a +0 robe (worn)
 p - a +1 pair of boots (worn)
Jewellery
 a - an amulet of magic regeneration (around neck)
 n - a +4 ring of protection (left hand)
 r - a +6 ring of intelligence (right hand)
Wands
 t - a wand of acid (13)
 w - a wand of iceblast (5)
Scrolls
 k - 3 scrolls of teleportation
 l - a scroll of enchant armour
 s - a scroll of fog
Potions
 c - 3 potions of invisibility
 d - 3 potions of heal wounds
 f - a potion of brilliance
 g - 7 potions of curing
 h - 3 potions of attraction
 i - a potion of flight
 j - a potion of ambrosia
 m - 2 potions of magic
 o - a potion of degeneration {unknown}
 x - a potion of haste {unknown}
 z - a potion of lignification {unknown}
 A - a potion of berserk rage {unknown}


   Skills:
 + Level 5.5 Short Blades
 + Level 4.0 Dodging
 + Level 7.9 Stealth
 - Level 4.0 Spellcasting
 + Level 6.0 Hexes
 - Level 2.0 Ice Magic
 + Level 2.9 Invocations


You had 7 spell levels left.
You knew the following spells:

 Your Spells              Type           Power      Damage    Failure   Level
a - Ensorcelled Hibernat  Hex/Ice        44%        N/A       3%          2
b - Confusing Touch       Hex            30%        N/A       2%          3
c - Dazzling Flash        Conj/Hex       34%        N/A       10%         3

Your spell library contained the following spells:

 Spells                   Type           Power      Damage    Failure   Level
 Tukima's Dance           Hex            30%        N/A       2%          3
 Hailstorm                Conj/Ice       8%         3d4       58%         4
 Ice Form                 Ice/Tmut       8%         N/A       58%         4
 Animate Dead             Necr           2%         N/A       73%         4
 Blade Hands              Tmut           2%         N/A       97%         5
 Borgnjor's Vile Clutch   Necr/Erth      2%         N/A       97%         5
 Irradiate                Conj/Tmut      2%         3d14      97%         5
 Death Channel            Necr           2%         N/A       100%        6
 Simulacrum               Ice/Necr       4%         N/A       100%        6
 Dragon Form              Tmut           2%         N/A       100%        7


Dungeon Overview and Level Annotations

Branches:
Dungeon (6/15)             Temple (1/1) D:4

Altars:
Ashenzari
Cheibriados
Dithmenos
Elyvilon
Gozag
Hepliaklqana
Kikubaaqudgha
Makhleb
Nemelex Xobeh
Okawaru
Qazlal
Ru
Sif Muna
Trog
Uskayaw
Vehumet
Wu Jian
Xom
Yredelemnul
Zin
The Shining One

Shops:
D:1 :*(=*   D:4 [   D:5 ?


Innate Abilities, Weirdness & Mutations

You are small and have problems with some larger weapons.
You are completely attuned to the shadows.


Message History

The scorpion is moderately wounded.
You puncture the scorpion!
The scorpion is poisoned.
The scorpion is severely wounded.
The scorpion stings you but does no damage.
You puncture the scorpion!
You kill the scorpion!
Dithmenos accepts your kill.
Your Dodging skill increases to level 4!
Casting: Ensorcelled Hibernation (safe; 3% risk of failure)
Confirm with . or Enter, or press ? or * to list all spells.
Aiming: Ensorcelled Hibernation (safe; 3% risk of failure)
Press: ? - help, Shift-Dir - straight line, f - gnoll
Aim: a gnoll, wielding a +0 whip (chance to affect: 62%)
The gnoll looks drowsy...
The gnoll barely misses you.
The gnoll shouts!
You puncture the gnoll!
The gnoll is poisoned.
The gnoll is severely wounded.
The gnoll misses you. The gnoll hits you with a +0 whip. The gnoll misses you.
You puncture the gnoll!
You kill the gnoll!
Dithmenos accepts your kill.
The gnoll hits you from afar with a +0 halberd!
Your Hexes skill increases to level 6!
Casting: Ensorcelled Hibernation (safe; 3% risk of failure)
Confirm with . or Enter, or press ? or * to list all spells.
Aiming: Ensorcelled Hibernation (safe; 3% risk of failure)
Press: ? - help, Shift-Dir - straight line, f - gnoll
Aim: a gnoll, wielding a +0 halberd (chance to affect: 63%)
The gnoll looks drowsy...
The gnoll misses you.
The gnoll sergeant hits you from afar with a +3 spear of distortion!
Space warps horribly around you!
* * * LOW HITPOINT WARNING * * *
The gnoll shouts!
Things that are here:
a +0 whip; a gnoll corpse You closely miss the gnoll.
The gnoll misses you. The gnoll hits you with a +0 halberd.
You die...

.# #.#
#.##.#######
##### #.#.......#
#...# #..#####.#
###...#### ##.#
#.# #.........
####..# #.#
#.........
....<.# #.#
#....)....
.#.####
###.####.#.g..##.
#.#
#....@gg.#...g..
#
#.#.###g.#....##.
#.#.# #..#.#..# #
#.# #...( #.
#.##.


You could see a gnoll sergeant and 2 gnolls.

Vanquished Creatures
  Grinder (D:3)
  Sigmund (D:3)
  A sky beast (D:5)
  An ogre (D:5)
  A necrophage (D:4)
  2 scorpions
  5 hounds
  A gnoll shaman (D:5)
  An orc priest (D:3)
  4 iguanas (D:5)
  Ijyb (D:3)
  6 gnolls
  7 adders
  A shadow imp (D:4)
  A white imp (D:5)
  2 ufetubi
  A worm (D:2)
  2 dart slugs
  4 orcs
  5 ball pythons
  4 endoplasms
  3 giant cockroaches
  6 goblins
  4 hobgoblins
  10 kobolds
  8 quokkas
  3 bats
  3 frilled lizards
  7 rats
96 creatures vanquished.

Notes
Turn   | Place    | Note
-------+----------+-------------------------------------------
     0 | D:1      | YayAnonymity the Kobold Enchanter began the quest for the
                  | Orb.
     0 | D:1      | Reached XP level 1. HP: 10/10 MP: 3/3
    47 | D:1      | Found Qikifrul's Jewellery Emporium.
    73 | D:1      | Found Asmaor's Assorted Antiques.
   312 | D:1      | Found Neshrio's Antique Weapon Boutique.
   344 | D:1      | Reached XP level 2. HP: 9/15 MP: 5/5
   347 | D:1      | Learned a level 2 spell: Ensorcelled Hibernation
   607 | D:1      | Found Nuvar's Assorted Antiques.
   615 | D:1      | Found Jitris's Book Shop.
   905 | D:1      | Found a faded altar of an unknown god.
  1383 | D:2      | Reached XP level 3. HP: 19/19 MP: 7/7
  1570 | D:2      | Reached XP level 4. HP: 23/24 MP: 5/8
  1783 | D:2      | Reached skill level 5 in Stealth
  2777 | D:3      | Noticed Ijyb
  2783 | D:3      | Killed Ijyb
  2784 | D:3      | Reached XP level 5. HP: 27/28 MP: 6/10
  2904 | D:3      | Learned a level 3 spell: Confusing Touch
  2908 | D:3      | Learned a level 3 spell: Dazzling Flash
  3039 | D:3      | Noticed Grinder
  3043 | D:3      | Paralysed by Grinder for 4 turns
  3359 | D:1      | Bought an iridescent dagger for 168 gold pieces
  3359 | D:1      | Identified the +9 dagger "Qieniez" {venom, rElec rF+ rC+
                  | Stlth+} (You bought it in a shop on level 1 of the Dungeon)
  3420 | D:3      | Noticed Sigmund
  3425 | D:3      | Killed Sigmund
  3426 | D:3      | Reached skill level 6 in Stealth
  3426 | D:3      | Reached XP level 6. HP: 32/32 MP: 11/11
  3512 | D:3      | Paralysed by Grinder for 3 turns
  3520 | D:3      | Killed Grinder
  3521 | D:3      | Reached skill level 5 in Hexes
  3521 | D:3      | Reached XP level 7. HP: 10/36 MP: 11/13
  3904 | D:4      | Found a staircase to the Ecumenical Temple.
  3910 | Temple   | Entered the Ecumenical Temple
  4016 | Temple   | Became a worshipper of Dithmenos the Shadowed
  4556 | D:4      | Found Kikupew's Armour Boutique.
  4560 | D:4      | Reached skill level 1 in Invocations
  4602 | D:4      | Reached skill level 7 in Stealth
  5380 | D:5      | Entered Level 5 of the Dungeon
  5539 | D:5      | Reached XP level 8. HP: 41/41 MP: 14/14
  5550 | D:5      | Found Orevuloe's Magic Scroll Shop.
  5905 | D:5      | Reached skill level 1 in Ice Magic
  6136 | D:5      | Reached skill level 5 in Short Blades
  6255 | D:5      | Reached * piety under Dithmenos
  6620 | D:6      | Slain by a gnoll

Illustrated notes

Levels and vault maps discovered:
D:1:      amcnicky_arrival_choice, layout_loops_corners,
          ebering_ecumenical_altar_mist, serial_shops, shop, nicolae_shop_stone,
          shop, nicolae_shop_stone, nicolae_shop_behind_doors
D:2:      layout_loops_ring, minivault_14, minmay_pentomino_z2
D:3:      layout_basic, uniq_grinder, uniq_sigmund, uniq_ijyb
D:4:      layout_basic, minmay_temple_entry_arrows, serial_shops, shop
D:5:      minmay_chambers_of_threes, layout_basic, serial_shops, shop
D:6:      layout_loops_corners, enter_ossuary_4
Temple:   compressed_dpeg_triangle_lava_temple

Skill      XL: |  1  2  3  4  5  6  7  8 |
---------------+-------------------------+-----
Spellcasting   | 3 4 |  4.0
Stealth        | 5 6 7 |  7.9
Short Blades   | 3 4 5 |  5.5
Hexes          | 4 5 6 |  6.0
Invocations    | 1 2 |  2.9
Dodging        | 4 |  4.0
Ice Magic      | 2 |  2.0

Action                   |  1- 3 |  4- 6 |  7- 9 || total
-------------------------+-------+-------+-------++-------
Melee: Dagger            |    37 |    92 |    90 ||   219
       Punch             |       |     1 |     1 ||     2
 Cast: Ensorcelled Hiber |    13 |    18 |    15 ||    46
  Use: Potion            |       |     3 |       ||     3
       Scroll            |       |     1 |    15 ||    16
 Stab: Sleeping          |    14 |    22 |    30 ||    66
Armor: Robe              |    10 |    19 |    18 ||    47
Dodge: Dodged            |    24 |    41 |    35 ||   100

Table legend: (Time is in decaauts)
 A = Elapsed time spent in this place.
 B = Non-inter-level travel time spent in this place.
 C = Inter-level travel time spent in this place.
 D = Time resting spent in this place.
 E = Time spent auto-exploring this place.
 F = Levels seen in this place.
 G = Mean time per level.
                   A        B        C        D        E       F      G
               +--------+--------+--------+--------+--------+-----+--------+
         Total |   6589 |   6363 |    226 |     66 |   5289 |   7 |  941.3 |
       Dungeon |   6216 |   6001 |    215 |     66 |   4963 |   6 | 1036.0 |
        Temple |    372 |    361 |     11 |      0 |    326 |   1 |  372.0 |
               +--------+--------+--------+--------+--------+-----+--------+

Top non-repeatable levels by time:
     D:3: 1553 daAuts
     D:1: 1226 daAuts
     D:5: 1183 daAuts
     D:4: 1116 daAuts
     D:2: 1095 daAuts
  Temple: 372 daAuts
     D:6: 42 daAuts
